 Dungeon Crawl Stone Soup version 0.12.2-6-g2b2ad49 (webtiles) character file.

12114 Keethrax the Nimble (level 11, -3/74 HPs)
             Began as a Mummy Assassin on June 12, 2013.
             Was a High Priest of Okawaru.
             Slain by a vampire mosquito (6 damage)
             ... on Level 12 of the Dungeon.
             The game lasted 00:58:11 (23765 turns).

Keethrax the Nimble (Mummy Assassin)               Turns: 23765, Time: 00:58:11

HP  -3/74        AC  7     Str 14      XL: 11   Next: 52%
MP   9/10        EV 19     Int 13      God: Okawaru [*****.]
Gold 452         SH 14     Dex 13      Spells:  0 memorised, 10 levels left

Res.Fire  : x . .   See Invis. : +   X - +1 orc scimitar (elec)
Res.Cold  : + . .   Warding    : .   u - +0 leather armour
Life Prot.: + + +   Conserve   : .   s - +1 buckler of the Wilderness {+Blink SInv}
Res.Poison: +       Res.Corr.  : .   j - +1 orc crested helmet
Res.Elec. : .       Clarity    : .   d - +0 cloak
Sust.Abil.: . .     Spirit.Shd : .   (no gloves)
Res.Mut.  : .       Stasis     : .   (no boots)
Res.Rott. : +       Ctrl.Telep.: .   W - amulet of rage
Saprovore : . . .   Flight     : .   v - ring of protection from magic
                                     i - ring of wizardry

@: heroism, very resistant to hostile enchantments, very stealthy
A: no food or potions, fire vulnerability, restore body, cold resistance 1, life
protection 3, poison resistance, torment resistance, unbreathing
a: Heroism, Finesse, Renounce Religion, Evoke Blink, Evoke Berserk Rage


You were on level 12 of the Dungeon.
You worshipped Okawaru.
Okawaru was extremely pleased with you.
You were not hungry.

You visited 1 branch of the dungeon, and saw 13 of its levels.

You collected 696 gold pieces.
You spent 294 gold pieces at shops.

Inventory:

Hand weapons
 a - a +2,+2 dagger {=f}
 b - a +0 blowgun
 P - the +4,+4 sling of Maurr {speed, MR}
   (You found it on level 4 of the Dungeon)

   Attacks with this weapon take half as long, but cause slightly less damage.
   It affects your resistance to hostile enchantments.
 X - a +1,+1 orcish scimitar of electrocution (weapon)
Missiles
 z - 10 curare-tipped needles
 G - 14 poisoned needles
Armour
 c - a +0 robe
 d - a +0 cloak (worn)
 j - a +1 orcish crested helmet (worn)
 s - the +1 buckler of the Wilderness (worn) {+Blink SInv}
   (You bought it in a shop on level 8 of the Dungeon)

   It enhances your eyesight.
   It lets you blink.
 u - a +0 leather armour (worn)
Magical devices
 h - a wand of digging (6)
 x - a wand of digging (7)
 K - a wand of polymorph (0)
 L - a wand of cold (0)
 O - a wand of fire (0)
Scrolls
 k - a scroll of curse armour {unknown}
 l - a scroll of enchant weapon I {unknown}
 n - a scroll of curse weapon
 o - 2 scrolls of random uselessness {unknown}
 p - a scroll of curse jewellery {unknown}
 q - 4 scrolls of identify
 t - 2 scrolls of enchant armour {unknown}
 A - a scroll of noise
 I - 2 scrolls of amnesia {unknown}
 N - 2 scrolls of remove curse
 Q - a scroll of enchant weapon II {unknown}
Jewellery
 e - an uncursed ring of life protection {unknown}
 i - a ring of wizardry (left hand)
 v - a ring of protection from magic (right hand)
 B - an uncursed ring of protection from cold {unknown}
 R - an uncursed ring of protection from magic
 W - an amulet of rage (around neck)
Potions
 f - 2 potions of resistance {unknown}
 g - a potion of cure mutation {unknown}
 r - 2 potions of speed {unknown}
 C - a potion of magic {unknown}
 D - a potion of heal wounds {unknown}
 F - 7 potions of curing
 H - a potion of flight {unknown}
 J - a potion of brilliance {unknown}
 S - a potion of slowing {unknown}
 T - a potion of mutation {unknown}
 U - a potion of confusion {unknown}
 Z - a potion of agility {unknown}
Books
 m - a book of Frost

   Spells                             Type                      Level
   Freeze                             Ice                          1
   Throw Frost                        Conjuration/Ice              2
   Ozocubu's Armour                   Charms/Ice                   3
   Throw Icicle                       Conjuration/Ice              4
   Summon Ice Beast                   Ice/Summoning                4
   Condensation Shield                Ice                          4
 w - a book of Changes

   Spells                             Type                      Level
   Beastly Appendage                  Transmutation                1
   Sticks to Snakes                   Transmutation                2
   Spider Form                        Transmutation/Poison         3
   Ice Form                           Ice/Transmutation            4
   Blade Hands                        Transmutation                5
 y - a book of War Chants

   Spells                             Type                      Level
   Fire Brand                         Charms/Fire                  2
   Freezing Aura                      Charms/Ice                   2
   Shroud of Golubria                 Charms/Translocation         2
   Repel Missiles                     Charms/Air                   2
   Poison Weapon                      Charms/Poison                3
   Regeneration                       Charms/Necromancy            3
 E - a book of Control

   Spells                             Type                      Level
   Control Teleport                   Charms/Translocation         4
   Control Undead                     Necromancy                   4
   Enslavement                        Hexes                        4
   Mass Confusion                     Hexes                        6
   Metabolic Englaciation             Hexes/Ice                    6
 M - a book of the Dragon

   Spells                             Type                      Level
   Flight                             Charms/Air                   3
   Cause Fear                         Hexes                        4
   Bolt of Fire                       Conjuration/Fire             6
   Dragon Form                        Fire/Transmutation           7
   Summon Dragon                      Summoning                    9


   Skills:
 - Level 3.0(8.0) Fighting
 - Level 6.3(11.3) Short Blades
 - Level 8.2(13.2) Long Blades
 - Level 1.6(6.6) Throwing
 + Level 8.3(13.3) Dodging
 - Level 6.8(11.8) Stealth
 - Level 5.8(10.8) Stabbing
 - Level 5.0(10.0) Shields


You had 10 spell levels left.
You didn't know any spells.

Dungeon Overview and Level Annotations

Branches:
Dungeon (13/27)            Temple (0/1) D:6             Orc (0/4) D:8
   Lair: D:8-13

Altars:
Ashenzari
Cheibriados
Fedhas
Kikubaaqudgha
Okawaru
Trog
Xom
Zin
the Shining One

Shops:
D:8: [

Annotations
D:7 exclusion: skeleton, Joseph
D:9 exclusion: jelly
D:12 exclusion: giant spore


Innate Abilities, Weirdness & Mutations

You do not eat or drink.
Your flesh is vulnerable to fire.
Your flesh is cold resistant.
You are immune to negative energy.
Your system is resistant to poisons.
You are immune to unholy pain and torment.
You can survive without breathing.


Message History

Unknown command.
Unknown command.
Unknown command.
You closely miss the vampire mosquito.
The vampire mosquito is heavily damaged.
The vampire mosquito barely misses you.
Unknown command.
Unknown command.
Unknown command.
You hit the vampire mosquito but do no damage.
The vampire mosquito is heavily damaged.
The vampire mosquito closely misses you.
Unknown command.
Unknown command.
Unknown command.
Unknown command.
You hit the vampire mosquito.
The vampire mosquito is almost destroyed.
The vampire mosquito bites you.
You die...

##############
#............#
#.##########.#
#.# #@#
####.##### #y#
. #........#
#.# .
#.##.###.# ...
. #.##.# #.#
.## #.##.# #.#
#. #.##.# #.#
#. #.##.# #.#
#. #.##.# #.#
. #


You could see a vampire mosquito.

Vanquished Creatures
  Gastronok (D:8)
  Pikel (D:6)
  A hill giant zombie (D:6)
  Sonja (D:11)
  A troll (D:12)
  Prince Ribbit (D:6)
  A two-headed ogre (D:11)
  A wraith (D:10)
  A wyvern (D:9)
  A trapdoor spider (D:12)
  Eustachio (D:8)
  3 hippogriffs (D:10)
  10 yaks
  A manticore (D:8)
  3 vampire mosquitoes (D:12)
  A steam dragon (D:12)
  3 ice beasts
  2 cyclops zombies (D:12)
  A necrophage (D:8)
  7 orc warriors
  2 slaves (D:6)
  3 sky beasts
  5 centaurs
  2 ogres
  4 phantoms
  Sigmund (D:7)
  2 crocodiles (D:8)
  A big kobold (D:8)
  2 centaur zombies
  A giant frog skeleton (D:4)
  3 giant frog zombies
  2 giant frogs (D:10)
  A centaur skeleton (D:7)
  A two-headed ogre skeleton (D:12)
  An eye of draining (D:11)
  8 crimson imps
  A goliath beetle (D:9)
  2 quasits (D:10)
  4 hounds
  6 orc priests
  18 orc wizards
  3 iguanas
  4 jellies
  8 worker ants
  5 scorpions
  Ijyb (D:5)
  Jessica (D:2)
  A mummy (D:9)
  10 gnolls
  14 adders
  An adder skeleton (D:6)
  2 giant mites (D:1)
  7 worms
  A giant eyeball (D:8)
  4 giant geckos
  42 orcs
  A ball python (D:5)
  22 bats
  4 giant cockroaches
  13 hobgoblins
  13 jackals
  6 quokkas
  8 giant newts
  20 goblins
  21 kobolds
  A kobold skeleton (D:4)
  16 rats
  15 ballistomycetes (D:10)
356 creatures vanquished.

Vanquished Creatures (others)
  A troll (D:9)
  An ice beast (D:6)
  A giant frog (D:10)
  A hound (D:6)
  A worker ant (D:6)
  A big fish (D:6)
  An orc (D:8)
  8 giant spores (D:10)
  2 goblins
  2 rats
  4 ballistomycetes (D:10)
23 creatures vanquished.

Grand Total: 379 creatures vanquished

Notes
Turn   | Place    | Note
--------------------------------------------------------------
     0 | D:1      | Keethrax, the Mummy Assassin, began the quest for the Orb.
     0 | D:1      | Reached XP level 1. HP: 15/15 MP: 0/0
   219 | D:1      | Reached skill level 1 in Dodging
   219 | D:1      | Reached XP level 2. HP: 14/21 MP: 1/1
   903 | D:1      | Reached XP level 3. HP: 7/26 MP: 2/2
  1616 | D:2      | Noticed Jessica
  1634 | D:2      | Killed Jessica
  1634 | D:2      | Reached skill level 3 in Short Blades
  1671 | D:2      | Found a shattered altar of Ashenzari.
  1700 | D:2      | Found a glowing golden altar of the Shining One.
  1753 | D:2      | Reached XP level 4. HP: 22/33 MP: 3/3
  1977 | D:2      | Found an iron altar of Okawaru.
  2178 | D:2      | Found a glowing silver altar of Zin.
  3732 | D:2      | Reached XP level 5. HP: 32/38 MP: 4/4
  3865 | D:2      | Reached skill level 4 in Short Blades
  4424 | D:4      | Reached XP level 6. HP: 31/44 MP: 5/5
  4709 | D:4      | Reached skill level 5 in Short Blades
  5163 | D:4      | Got a twisted sling
  5164 | D:4      | Identified the sling of Maurr {speed, MR} (You found it on level 4 of the Dungeon)
  6611 | D:3      | Reached skill level 6 in Short Blades
  6846 | D:4      | Noticed an ogre
  6871 | D:4      | Killed an ogre
  6871 | D:4      | Reached XP level 7. HP: 49/49 MP: 6/6
  7401 | D:5      | Entered Level 5 of the Dungeon
  8255 | D:5      | Reached skill level 1 in Long Blades
  8323 | D:6      | Noticed Ijyb
  9027 | D:2      | Became a worshipper of Warmaster Okawaru
  9194 | D:5      | Reached XP level 8. HP: 32/56 MP: 7/7
  9482 | D:6      | Noticed a hill giant zombie
 10249 | D:6      | Noticed Pikel
 10289 | D:6      | Killed Pikel
 10341 | D:5      | Killed Ijyb
 10545 | D:6      | Noticed Prince Ribbit
 10917 | D:6      | Reached skill level 7 in Long Blades
 11065 | D:6      | Found a blossoming altar of Fedhas.
 11099 | D:6      | Found a staircase to the Ecumenical Temple.
 11157 | D:6      | Killed Prince Ribbit
 11157 | D:6      | Reached XP level 9. HP: 41/61 MP: 8/8
 11259 | D:6      | Acquired Okawaru's first power
 11415 | D:6      | Found a snail-covered altar of Cheibriados.
 11829 | D:6      | Killed a hill giant zombie
 11829 | D:6      | Reached skill level 8 in Long Blades
 11916 | D:7      | Noticed Joseph
 12458 | D:7      | Noticed Sigmund
 12474 | D:7      | Killed Sigmund
 14290 | D:8      | Found Nesolar's Armour Boutique.
 14292 | D:8      | Found a staircase to the Orcish Mines.
 14299 | D:8      | Bought the +1 buckler of the Wilderness {+Blink SInv} for 294 gold pieces
 14330 | D:8      | Noticed Eustachio
 14365 | D:8      | Killed Eustachio
 14365 | D:8      | Reached skill level 1 in Shields
 14670 | D:8      | Reached XP level 10. HP: 53/68 MP: 6/9
 14698 | D:8      | Reached skill level 5 in Stealth
 15029 | D:8      | Noticed Gastronok
 15088 | D:8      | Killed Gastronok
 15088 | D:8      | Reached skill level 5 in Stabbing
 16108 | D:10     | Entered Level 10 of the Dungeon
 16117 | D:10     | Reached skill level 5 in Shields
 16726 | D:11     | Noticed Sonja
 18952 | D:9      | Found a shimmering altar of Xom.
 19541 | D:9      | Reached XP level 11. HP: 51/74 MP: 10/10
 19942 | D:9      | Found an ancient bone altar of Kikubaaqudgha.
 20120 | D:9      | Found a bloodstained altar of Trog.
 20238 | D:9      | Reached skill level 5 in Dodging
 21082 | D:10     | Noticed a hill giant
 21595 | D:10     | Noticed a hill giant
 21693 | D:11     | Killed Sonja
 23331 | D:12     | Acquired Okawaru's second power
 23761 | D:12     | HP: 2/74 [vampire mosquito (5)]
 23765 | D:12     | Slain by a vampire mosquito

Action                   |  1- 3 |  4- 6 |  7- 9 | 10-12 || total
-------------------------+-------+-------+-------+-------++-------
Melee: Dagger            |   120 |   260 |   180 |     1 ||   561
       Scimitar          |       |       |   243 |   652 ||   895
 Fire: Blowgun           |    26 |    77 |    77 |    42 ||   222
       Sling             |       |    43 |    61 |       ||   104
Throw: Dagger            |       |     1 |     1 |       ||     2
       Dart              |       |       |     5 |     2 ||     7
       Throwing net      |       |       |     1 |       ||     1
Invok: Heroism           |       |       |     1 |     1 ||     2
 Abil: Evoke Blink       |       |       |       |     1 ||     1
Evoke: Wand              |       |       |    23 |    21 ||    44
  Use: Scroll            |       |     6 |    16 |     6 ||    28
 Stab: Sleeping          |     1 |     4 |     9 |    11 ||    25
       Distracted        |       |       |       |     1 ||     1
